 Dungeon Crawl Stone Soup version 0.27-a0-124-g19cb506db8 (webtiles) character file.

Game seed: 8965379829401602327

96619 kae the Brawler (level 15, -7/134 HPs)
             Began as a Green Draconian Transmuter on Jan 26, 2021.
             Was the Champion of Wu Jian.
             Mangled by a jumping spider (10 damage)
             ... on level 1 of the Spider Nest.
             The game lasted 00:30:57 (30103 turns).

kae the Brawler (Green Draconian Transmuter)       Turns: 30103, Time: 00:30:58

Health: -7/134     AC: 17    Str: 24    XL:     15   Next: 69%
Magic:  27/29      EV: 17    Int: 15    God:    Wu Jian [******]
Gold:   2152       SH:  0    Dex: 11    Spells: 22/35 levels left

rFire    . . .     SeeInvis .     - Unarmed
rCold    + . .     Faith    .   (no shield)
rNeg     . . .     Spirit   .   (armour unavailable)
rPois    +         Reflect  .   (helmet restricted)
rElec    .         Harm     .   T - +0 cloak {rC+}
rCorr    .         Rampage  .   l - +0 pair of gloves
Will     +....                  s - +1 pair of boots
Stlth    +.........             j - amulet of regeneration
HPRegen  0.72/turn              Y - +6 ring of strength
MPRegen  0.21/turn              m - +4 ring of protection

@: lethally poisoned (-7 -> -10), about to teleport, studying Ice Magic
A: breathe noxious fumes, unfitting armour, stinger 1, poison resistance,
cold-blooded, AC +9
a: Breathe Noxious Fumes, Renounce Religion, Wall Jump, Serpent's Lash, Heavenly
Storm


You were on level 1 of the Spider Nest.
You worshipped Wu Jian.
Wu Jian was exalted by your worship.
You visited 5 branches of the dungeon, and saw 25 of its levels.
You also visited: Ice Cave.

You collected 2272 gold pieces.
You spent 120 gold pieces at shops.

Inventory:

Armour
 l - a +0 pair of gloves (worn)
 s - a +1 pair of boots (worn)
 T - a +0 cloak of cold resistance (worn)
Jewellery
 e - an uncursed ring of see invisible
 j - an amulet of regeneration (around neck)
 k - an uncursed ring of magical power
 m - a +4 ring of protection (right hand)
 q - a +4 ring of evasion
 w - an uncursed ring of protection from fire
 x - an uncursed amulet of magic regeneration
 z - an uncursed amulet of reflection
 H - an uncursed ring of willpower
 L - a +4 ring of evasion
 O - a +6 ring of intelligence
 P - an uncursed ring of ice
 Q - an uncursed ring of ice
 U - a +4 ring of evasion
 Y - a +6 ring of strength (left hand)
Wands
 g - a wand of iceblast (47)
 o - a wand of digging (2)
 t - a wand of acid (26)
 y - a wand of flame (23)
 B - a wand of random effects (79)
 W - a wand of enslavement (5)
Scrolls
 a - 5 scrolls of teleportation
 c - 3 scrolls of fear
 h - 2 scrolls of fog
 i - 9 scrolls of enchant weapon
 p - 4 scrolls of blinking
 u - 4 scrolls of amnesia
 F - 9 scrolls of remove curse
 K - 2 scrolls of torment
 Z - a scroll of magic mapping
Potions
 b - 2 potions of haste
 d - 8 potions of flight
 f - 5 potions of brilliance
 n - 2 potions of heal wounds
 r - 7 potions of ambrosia
 v - 14 potions of curing
 A - 4 potions of might
 C - 3 potions of attraction {unknown}
 D - a potion of cancellation {unknown}
 E - a potion of lignification {unknown}
 G - 3 potions of magic {unknown}
 I - 2 potions of resistance
 J - 4 potions of degeneration {unknown}
 M - 2 potions of mutation
 N - a potion of berserk rage {unknown}
Books
 R - a manual of Ice Magic
 S - a manual of Ice Magic


   Skills:
 + Level 12.5 Fighting
 + Level 10.8 Dodging
 * Level 15.9 Unarmed Combat
 + Level 10.8 Spellcasting
 + Level 11.6 Transmutations
 - Level 5.0 Ice Magic
 - Level 2.4 Poison Magic


You had 22 spell levels left.
You knew the following spells:

 Your Spells              Type           Power        Failure   Level
a - Beastly Appendage     Tmut           86%          1%          1
b - Spider Form           Tmut/Pois      14%          1%          3
c - Ice Form              Ice/Tmut       33%          3%          4
d - Blade Hands           Tmut           21%          1%          5

Your spell library contained the following spells:

 Spells                   Type           Power        Failure   Level
 Sting                    Tmut/Pois      100%         1%          1
 Passwall                 Tmut/Erth      20%          1%          2
 Wereblood                Tmut           43%          1%          2
 Ensorcelled Hibernation  Hex/Ice        30%          4%          2
 Ignite Poison            Fire/Tmut/Pois 22%          4%          3
 Animate Skeleton         Necr           16%          9%          1
 Corona                   Hex            8%           9%          1
 Magic Dart               Conj           32%          9%          1
 Pain                     Necr           32%          9%          1
 Sandblast                Erth           16%          9%          1
 Poisonous Vapours        Pois/Air       22%          9%          2
 Petrify                  Tmut/Erth      25%          9%          4
 Searing Ray              Conj           16%          14%         2
 Mephitic Cloud           Conj/Pois/Air  10%          19%         3
 Confusing Touch          Hex            8%           26%         3
 Conjure Flame            Conj/Fire      8%           26%         3
 Dazzling Flash           Conj/Hex       16%          26%         3
 Stone Arrow              Conj/Erth      16%          26%         3
 Tukima's Dance           Hex            8%           26%         3
 Vampiric Draining        Necr           4%           26%         3
 Olgreb's Toxic Radiance  Pois           15%          32%         4
 Animate Dead             Necr           4%           65%         4
 Fulminant Prism          Conj/Hex       4%           65%         4
 Iskenderun's Mystic Bla  Conj/Tloc      8%           65%         4
 Agony                    Necr           8%           94%         5
 Bolt of Magma            Conj/Fire/Erth 4%           94%         5
 Iskenderun's Battlesphe  Conj           8%           94%         5
 Lee's Rapid Deconstruct  Erth           4%           94%         5
 Freezing Cloud           Conj/Ice/Air   6%           100%        6
 Iron Shot                Conj/Erth      4%           100%        6
 Orb of Destruction       Conj           4%           100%        7
 Spellforged Servitor     Conj/Summ      4%           100%        7


Dungeon Overview and Level Annotations

Branches:
Dungeon (15/15)            Temple (1/1) D:5            Lair (6/6) D:9
 Shoals (0/4) Lair:3       Spider (1/4) Lair:3        Slime (0/5) Lair:5
    Orc (2/2) D:10            Elf (0/3) Orc:2        Vaults (0/5) D:13
 Depths (0/5) D:15          IceCv (visited)

Altars:
Ashenzari
Cheibriados
Dithmenos
Elyvilon
Fedhas
Gozag
Hepliaklqana
Kikubaaqudgha
Nemelex Xobeh
Okawaru
Qazlal
Ru
Sif Muna
Trog
Uskayaw
Vehumet
Wu Jian
Xom
Yredelemnul
Zin
The Shining One
Beogh

Shops:
D:5 ([   D:14 *   Orc:2 (([}(

Annotations:
D:3 exclusion: iron imp
D:5 2 transporters, xeno23's ghost, weakling FeDe
D:7 4 runed translucent doors, Crazy Yiuf; deyja's ghost, novice GrFE
D:8 Gastronok
D:9 exclusion: 2 doors
Lair:1 2 transporters, Elallin's ghost, novice HuFi
Lair:4 exclusion: 2 oklob plants


Innate Abilities, Weirdness & Mutations

You can breathe blasts of noxious fumes.
Your lurid green scales are hard. (AC +9)
You cannot fit into any form of body armour.
Your tail ends in a poisonous barb.
Your system is resistant to poisons. (rPois)
You are cold-blooded and may be slowed by cold attacks.


Message History

You spin and attack the wolf spider repeatedly.
You closely miss the wolf spider.
The wolf spider is almost dead.
You hit the wolf spider but do no damage.
The wolf spider is almost dead.
You spin and attack the jumping spider repeatedly.
You punch the jumping spider!
The jumping spider is moderately wounded.
You closely miss the jumping spider.
The jumping spider is moderately wounded.
You spin and attack the jumping spider.
You hit the jumping spider but do no damage.
You tail-slap the jumping spider.
The jumping spider is lightly wounded.
You feel sick. The wolf spider closely misses you. The wolf spider bites you!
* * * LOW HITPOINT WARNING * * *
The moth of wrath goads the tarantella on!
The tarantella goes berserk!
The moth of wrath goads the redback on!
The redback goes berserk!
The jumping spider pounces on you!
You die...

##^...#######
#....##.#.†.# ...#
##....^.#.>.# .... ####
#.......>.>#### ..... #[.#
###............ ...s.
##..# #.#..###.......
#....#...###......#.^..###
#....#ssss.##....##...##
##.ssss.@....####...^##
#...ysss#..^...##[....#
##...s###......####...#
.......##....°...##.....#
#...^.. ##....>###.[...##
......# ##......#.....#
...... #.....#####..#
.#.... ....... #### #°...


You could see 2 demonic crawlers, 2 wolf spiders, a moth of wrath, an orb
spider, 3 jumping spiders, 2 tarantellas and 2 redbacks.

Vanquished Creatures
  An orc warlord (Orc:2)
  Azrael (Orc:1)
  An ogre mage (D:15)
  A rakshasa (D:15)
  4 hydras
  3 boulder beetles
  7 two-headed ogres
  A catoblepas (D:13)
  4 centaur warriors
  A death yak (Lair:5)
  2 tengu warriors
  An orc high priest (Orc:2)
  Nergalle (Lair:3)
  A wizard (D:13)
  2 unseen horrors
  A glowing orange brain (D:15)
  4 orc knights
  A lindwurm (Lair:5)
  2 necromancers
  An orb spider (Spider:1)
  A manticore (Lair:5)
  2 wolf spiders (Spider:1)
  3 orc sorcerers
  A salamander (Lair:4)
  2 cyclopes (D:12)
  An ugly thing (D:15)
  A shining eye (shapeshifter) (D:15)
  5 elephants
  4 centaur zombies
  2 merfolk sirens (Lair:3)
  A molten gargoyle (Lair:4)
  3 black mambas (Lair:3)
  10 centaur skeletons
  2 gargoyles (D:12)
  An ice statue (IceCv)
  2 cane toads (shapeshifter) (D:15)
  Maggie (D:9)
  26 cane toads
  A kobold demonologist (D:14)
  9 komodo dragons
  10 rime drakes
  10 freezing wraiths (IceCv)
  2 tengu conjurers
  A queen bee (Lair:5)
  9 trolls
  2 polar bears
  2 jumping spiders (Spider:1)
  3 meliai (Lair:5)
  A wolf spider simulacrum (IceCv)
  2 merfolk (Lair:3)
  22 blink frogs
  4 tyrant leeches (Lair:6)
  12 slime creatures
  A raiju (shapeshifter) (D:15)
  4 dream sheep (Lair:6)
  4 redbacks (Spider:1)
  Sigmund (D:4)
  A tarantella (Spider:1)
  2 shadows
  A human (shapeshifter) (D:15)
  2 wraiths
  A vampire (D:13)
  7 wyverns
  5 basilisks
  44 yaks
  A fire elemental (Orc:1)
  6 vampire mosquitoes
  5 wargs
  25 water moccasins
  4 hell hounds
  42 orc warriors
  2 sky beasts (D:10)
  An eye of draining (D:12)
  11 ice beasts
  A black bear (Lair:4)
  A necrophage (D:10)
  5 phantoms
  12 ogres
  9 wolves
  18 centaurs
  2 big kobolds (D:9)
  23 bullfrogs
  2 wyvern skeletons
  4 scorpions
  An elephant simulacrum (IceCv)
  38 killer bees
  10 wights
  2 electric eels
  A crimson imp (D:13)
  7 howler monkeys
  A lava snake (D:8)
  7 hounds
  2 quasits
  7 draconian simulacra (IceCv)
  4 jellies
  30 orc wizards
  2 bullfrog skeletons
  20 orc priests
  4 iguanas
  15 worker ants
  3 troll simulacra (IceCv)
  2 wolf simulacra (IceCv)
  3 spriggan simulacra (IceCv)
  A centaur simulacrum (IceCv)
  2 worker ant zombies
  A howler monkey skeleton (D:9)
  6 gnolls
  15 adders
  2 naga simulacra (IceCv)
  4 ogre simulacra (IceCv)
  3 shadow imps
  14 white imps
  3 ufetubi
  6 oozes
  5 adder skeletons
  An adder zombie (D:6)
  3 worms
  3 dart slugs
  6 leopard geckos
  100 orcs
  3 ball pythons
  3 giant cockroaches
  10 goblins
  11 hobgoblins
  3 jackals (D:4)
  5 quokkas
  4 bats
  6 frilled lizards
  A jackal zombie (D:6)
  8 kobolds
  A quokka zombie (D:9)
  9 rats
843 creatures vanquished.

Vanquished Creatures (collateral kills)
  A centaur skeleton (D:8)
  A quokka (D:8)
2 creatures vanquished.

Vanquished Creatures (others)
  2 orcs (Orc:2)
  65 fungi
  106 plants
173 creatures vanquished.

Grand Total: 1018 creatures vanquished

Notes
Turn   | Place    | Note
-------+----------+-------------------------------------------
     0 | D:1      | kae the Draconian Transmuter began the quest for the Orb.
     0 | D:1      | Reached XP level 1. HP: 16/16 MP: 3/3
   212 | D:1      | Reached XP level 2. HP: 12/23 MP: 5/5
   890 | D:1      | Reached XP level 3. HP: 22/29 MP: 4/6
   894 | D:1      | Learned a level 3 spell: Spider Form
  1317 | D:2      | Found a shadowy altar of Dithmenos.
  1460 | D:2      | Found a sparkling altar of Nemelex Xobeh.
  1859 | D:2      | Reached XP level 4. HP: 23/36 MP: 5/7
  2148 | D:2      | Found an iron altar of Okawaru.
  2824 | D:3      | Reached skill level 4 in Unarmed Combat
  3378 | D:3      | Reached XP level 5. HP: 41/41 MP: 6/8
  3424 | D:3      | Reached skill level 1 in Poison Magic
  4136 | D:4      | Noticed Sigmund
  4150 | D:4      | Killed Sigmund
  4151 | D:4      | Reached XP level 6. HP: 36/50 MP: 10/10
  4619 | D:4      | Reached skill level 5 in Unarmed Combat
  4715 | D:4      | Learned a level 4 spell: Ice Form
  4930 | D:5      | Entered Level 5 of the Dungeon
  5030 | D:5      | Your scales start taking on a lurid green colour.
  5030 | D:5      | Reached XP level 7. HP: 57/57 MP: 9/11
  5030 | D:5      | Gained mutation: Your system is resistant to poisons.
                  | (rPois) [Green Draconian growth]
  5093 | D:5      | Noticed xeno23's ghost (weakling FeDe)
  5140 | D:5      | Reached skill level 1 in Ice Magic
  5155 | D:5      | Found a transporter.
  5169 | D:5      | Found a transporter.
  5199 | D:5      | Found Jyivyanon's Armour Boutique.
  5496 | D:5      | Found Turupa's Antique Weapon Emporium.
  5518 | D:5      | Found a staircase to the Ecumenical Temple.
  5825 | Temple   | Entered the Ecumenical Temple
  5932 | Temple   | Became a worshipper of the Wu Jian Council
  6414 | D:6      | Reached XP level 8. HP: 40/66 MP: 7/13
  6416 | D:6      | Reached skill level 6 in Unarmed Combat
  6867 | D:6      | Found a sacrificial altar of Ru.
  7374 | D:7      | Reached * piety under Wu Jian
  7569 | D:7      | Found a runed translucent door.
  7570 | D:7      | Noticed Crazy Yiuf
  7667 | D:7      | Found a broken altar of Ashenzari.
  8133 | D:7      | Found a runed translucent gate.
  8134 | D:7      | Found a runed translucent gate.
  8135 | D:7      | Found a runed translucent gate.
  8137 | D:7      | Noticed deyja's ghost (novice GrFE)
  8142 | D:7      | Found a roughly hewn altar of Beogh.
  8231 | D:7      | Reached XP level 9. HP: 38/72 MP: 15/15
  8486 | D:8      | Reached skill level 7 in Unarmed Combat
  8604 | D:8      | Found a blossoming altar of Fedhas.
  9041 | D:8      | Noticed Gastronok
  9058 | D:8      | Reached skill level 5 in Ice Magic
  9096 | D:8      | Reached skill level 5 in Fighting
  9102 | D:7      | Reached ** piety under Wu Jian
  9844 | D:8      | Reached skill level 5 in Transmutations
 10076 | D:9      | Found a hazy altar of Hepliaklqana.
 10096 | D:9      | Noticed Maggie
 10112 | D:9      | Killed Maggie
 10243 | D:9      | Reached skill level 5 in Spellcasting
 10249 | D:9      | Reached skill level 8 in Unarmed Combat
 10264 | D:9      | Reached skill level 5 in Dodging
 10270 | D:9      | Found a staircase to the Lair.
 10333 | D:9      | Noticed a troll
 10342 | D:9      | Killed a troll
 10343 | D:9      | Reached XP level 10. HP: 11/83 MP: 14/17
 10634 | D:9      | Noticed a tengu warrior
 10652 | D:9      | Killed a tengu warrior
 10784 | D:9      | Reached skill level 9 in Unarmed Combat
 10985 | D:9      | Reached *** piety under Wu Jian
 11046 | D:9      | Killed an unseen horror
 11505 | D:10     | Entered Level 10 of the Dungeon
 11783 | D:10     | Learned a level 5 spell: Blade Hands
 12068 | D:10     | Found a roughly hewn altar of Beogh.
 12068 | D:10     | Found a staircase to the Orcish Mines.
 12082 | D:10     | Reached XP level 11. HP: 86/92 MP: 16/20
 12088 | D:10     | Reached **** piety under Wu Jian
 12438 | D:10     | Reached skill level 10 in Unarmed Combat
 12600 | D:10     | Found a shimmering altar of Xom.
 12853 | D:11     | Noticed a boulder beetle
 12861 | D:11     | Killed a boulder beetle
 13516 | Lair:1   | Entered Level 1 of the Lair of Beasts
 13735 | Lair:1   | Identified the +1 spear "Waruurol" {antimagic, rElec rN+
                  | Str+2}
 13735 | Lair:1   | Noticed a spriggan rider
 13736 | Lair:1   | Identified the +11 morningstar "Lopna" {antimagic, +Inv
                  | rF+}
 13736 | Lair:1   | Noticed a spriggan berserker
 13744 | Lair:1   | Found a bloodstained altar of Trog.
 13746 | Lair:1   | Identified the +8 spear "Ozycov" {antimagic, rElec rN+++
                  | Str+4 Dex-5}
 13746 | Lair:1   | Noticed a spriggan rider
 13746 | Lair:1   | Noticed Elallin's ghost (novice HuFi)
 13753 | Lair:1   | Found a transporter.
 13851 | Lair:1   | Found a transporter.
 15565 | Lair:3   | Reached skill level 11 in Unarmed Combat
 15570 | Lair:3   | Found a staircase to the Shoals.
 15570 | Lair:3   | Reached ***** piety under Wu Jian
 15698 | Lair:3   | Noticed Nergalle
 15714 | Lair:3   | Killed Nergalle
 15835 | Lair:3   | Reached XP level 12. HP: 83/103 MP: 17/23
 16134 | Lair:3   | Found a hole to the Spider Nest.
 16897 | Lair:4   | Reached skill level 12 in Unarmed Combat
 17825 | Lair:5   | Found a staircase to the Slime Pits.
 19567 | Lair:5   | Reached XP level 13. HP: 83/112 MP: 20/25
 20304 | Lair:6   | Entered Level 6 of the Lair of Beasts
 20318 | Lair:6   | Reached skill level 10 in Fighting
 20374 | Lair:6   | Reached skill level 13 in Unarmed Combat
 20544 | Lair:6   | Reached ****** piety under Wu Jian
 21500 | Lair:6   | Reached skill level 10 in Transmutations
 21833 | Lair:6   | Gained mutation: Your tail ends in a poisonous barb. [Green
                  | Draconian growth]
 21833 | Lair:6   | Reached XP level 14. HP: 122/122 MP: 22/27
 21965 | Lair:6   | Reached skill level 14 in Unarmed Combat
 22925 | D:12     | You fall into a shaft and drop 2 floors!
 22995 | D:14     | Found Futhrir's General Store.
 23073 | D:14     | Found a frozen archway.
 23086 | IceCv    | Entered an ice cave
 23535 | IceCv    | Found an ancient bone altar of Kikubaaqudgha.
 24502 | D:14     | Reached skill level 10 in Spellcasting
 24562 | D:14     | Bought a potion of mutation for 80 gold pieces
 24562 | D:14     | Bought a potion of might for 40 gold pieces
 24827 | D:13     | Reached skill level 10 in Dodging
 25323 | D:13     | Reached skill level 15 in Unarmed Combat
 25329 | D:13     | Found a gate to the Vaults.
 25910 | D:15     | Entered Level 15 of the Dungeon
 26407 | D:15     | Reached XP level 15. HP: 115/132 MP: 24/29
 27136 | D:15     | Found a staircase to the Depths.
 27467 | Orc:1    | Entered Level 1 of the Orcish Mines
 28001 | Orc:2    | Entered Level 2 of the Orcish Mines
 28146 | Orc:2    | Found a staircase to the Elven Halls.
 28146 | Orc:2    | Noticed Azrael
 28157 | Orc:1    | Killed Azrael
 28754 | Orc:2    | Found a roughly hewn altar of Beogh.
 28754 | Orc:2    | Found Beocer's Gadget Shop.
 28825 | Orc:2    | Found Xugem's Weapon Shoppe.
 28852 | Orc:2    | Found a roughly hewn altar of Beogh.
 28892 | Orc:2    | Found a roughly hewn altar of Beogh.
 29158 | Orc:2    | Found a roughly hewn altar of Beogh.
 29247 | Orc:2    | Found Zanoff's Weapon Boutique.
 29278 | Orc:2    | Found a roughly hewn altar of Beogh.
 29430 | Orc:2    | Noticed an orc warlord
 29464 | Orc:2    | Killed an orc warlord
 29624 | Orc:2    | Found Oruuweg's Antique Armour Shop.
 29625 | Orc:2    | Found a roughly hewn altar of Beogh.
 29626 | Orc:2    | Found Rozimedd's Antique Weapon Boutique.
 29849 | Spider:1 | Entered Level 1 of the Spider Nest
 30103 | Spider:1 | HP: 3/134 [wolf spider (12)]
 30103 | Spider:1 | Mangled by a jumping spider

Illustrated notes

Levels and vault maps discovered:
D:1:      dpeg_arrival_chambers_temple_mockup, layout_rooms
D:2:      layout_loops_ring, nemelex_xobeh_ov_fountains_minmay,
          lemuel_coloured_pillars_altar,
          nicolae_dithmenos_through_a_glass_darkly
D:3:      layout_basic, demons_altar
D:4:      layout_loops_ring, serial_park_tiny_2, uniq_sigmund
D:5:      layout_basic, minmay_temple_entry_poolview, serial_shops, shop, shop,
          gammafunk_ghost_stat_death
D:6:      layout_basic, lemuel_round_altar
D:7:      layout_rooms, biasface_ghost_orc_armoury, minivault_26,
          evilmike_ruin_ashenzari, uniq_crazy_yiuf_cottage
D:8:      layout_rooms, basic_altar, kennysheep_another_room, uniq_gastronok
D:9:      minmay_quarter_circles, layout_irregular_city, kennysheep_little_box,
          uniq_maggie
D:10:     layout_basic, david_orc_5, basic_altar, minmay_misc_feat_roman
D:11:     layout_loops_cross
D:12:     layout_basic
D:13:     layout_loops_cross, david_vaults_1, lightli_wizard_tower
D:14:     layout_roguey, chequers_serial_rivers_micro_e, portal_ice_cave_rime,
          serial_shops, nicolae_shop_temple_entry_statues_fountains
D:15:     gammafunk_enter_depths_forms, layout_basic, hangedman_decor_riveting,
          nicolae_twisting_strands
Temple:   lightli_temple_of_artemis
Lair:1:   layout_concentric_octagons, gammafunk_ghost_wrathful_warriors,
          grunt_megastairs_4, lemuel_fruit_tree, infiniplex_staircase_pool,
          lemuel_fruit_fields
Lair:2:   layout_cave_pods
Lair:3:   layout_chaotic_city, elwin_shoals_entry_stream, dummy_spider_entry,
          serial_bayou_shore_a, uniq_nergalle
Lair:4:   layout_gridlike, minmay_lair_oklob_chamber, grunt_megastairs_2
Lair:5:   regret_index_wax_grids, layout_small_grid,
          nicolae_slime_entry_slimehenge
Lair:6:   minmay_lair_end_frog_pond, layout_long_grid
Spider:1: layout_spider_delve
Orc:1:    layout_diamond_mine
Orc:2:    grunt_orc_community_town_hall, layout_caves,
          grunt_orc_community_big_house_1, grunt_orc_community_big_house_2,
          grunt_orc_community_house_3, grunt_orc_community_house_1,
          grunt_orc_community_house_2, grunt_orc_community_house_3,
          grunt_orc_community_house_1, serial_shops, shop, uniq_azrael

Skill      XL: |  1  2  3  4  5  6  7  8  9 10 11 12 13 14 15 |
---------------+----------------------------------------------+-----
Dodging        | 2 3 4 5 6 7 8 9 10 | 10.8
Fighting       | 2 3 4 5 7 8 9 10 11 12 | 12.5
Unarmed Combat | 4 5 6 8 9 11 12 13 15 | 15.9
Poison Magic   | 2 |  2.4
Transmutations | 3 4 5 6 7 9 10 11 | 11.6
Spellcasting   | 3 4 5 6 7 8 9 10 | 10.8
Ice Magic      | 2 4 5 |  5.0

Action                   |  1- 3 |  4- 6 |  7- 9 | 10-12 | 13-15 || total
-------------------------+-------+-------+-------+-------+-------++-------
Melee: Unarmed           |   136 |   208 |   457 |   590 |  1159 ||  2550
       Tailslap          |    13 |    19 |    21 |    39 |    85 ||   177
       Kick              |    13 |    22 |    13 |       |     1 ||    49
       Headbutt          |     8 |    20 |    10 |       |     1 ||    39
       Punch             |     1 |     3 |       |    23 |    41 ||    68
 Cast: Beastly Appendage |    23 |    33 |    13 |       |     1 ||    70
       Spider Form       |       |     2 |    35 |       |       ||    37
       Ice Form          |       |       |     5 |    14 |    17 ||    36
       Blade Hands       |       |       |       |    75 |   108 ||   183
Invok: Lunge             |       |       |    17 |    40 |    68 ||   125
       Whirlwind         |       |       |     5 |     9 |    25 ||    39
 Abil: Breathe Noxious F |       |       |     3 |    18 |    11 ||    32
Evoke: Wand              |       |       |       |       |     1 ||     1
  Use: Scroll            |     6 |     6 |     7 |     7 |    11 ||    37
       Potion            |       |       |     1 |       |     2 ||     3
 Stab: Confused          |       |       |     2 |     8 |     6 ||    16
       Sleeping          |       |       |     1 |       |     1 ||     2
       Distracted        |       |       |     1 |       |       ||     1
Armor: Skin              |    44 |    57 |    90 |   136 |   265 ||   592
Dodge: Dodged            |    86 |   138 |   442 |   450 |  1018 ||  2134

Table legend: (Time is in decaauts)
 A = Elapsed time spent in this place.
 B = Non-inter-level travel time spent in this place.
 C = Inter-level travel time spent in this place.
 D = Time resting spent in this place.
 E = Time spent auto-exploring this place.
 F = Levels seen in this place.
 G = Mean time per level.
                   A        B        C        D        E       F      G
               +--------+--------+--------+--------+--------+-----+--------+
         Total |  29721 |  28298 |   1423 |   4165 |  18962 |  26 | 1143.1 |
       Dungeon |  17372 |  16460 |    912 |   2354 |  11182 |  15 | 1158.1 |
        Temple |    121 |    108 |     13 |      0 |     88 |   1 |  121.0 |
          Lair |   8881 |   8453 |    428 |   1169 |   5835 |   6 | 1480.2 |
   Spider Nest |    247 |    247 |      0 |      6 |    198 |   1 |  247.0 |
  Orcish Mines |   1987 |   1919 |     68 |    380 |   1174 |   2 |  993.5 |
      Ice Cave |   1110 |   1110 |      0 |    256 |    484 |   1 | 1110.0 |
               +--------+--------+--------+--------+--------+-----+--------+

Top non-repeatable levels by time:
  Lair:5: 2876 daAuts
     D:9: 1792 daAuts
     D:7: 1615 daAuts
  Lair:6: 1564 daAuts
   Orc:2: 1439 daAuts
  Lair:2: 1411 daAuts
     D:3: 1382 daAuts
    D:10: 1339 daAuts
     D:6: 1293 daAuts
     D:1: 1277 daAuts
    D:14: 1223 daAuts
  Lair:3: 1209 daAuts
     D:2: 1129 daAuts
     D:4: 1112 daAuts
   IceCv: 1110 daAuts
